 Dungeon Crawl Stone Soup version 0.13-a0-2398-gfa67c8a (webtiles) character file.

5929 4tharraofdagon the Conjurer (level 10, -4/50 HPs)
             Began as a Gargoyle Fire Elementalist on July 15, 2013.
             Was an Elder of Sif Muna.
             Killed from afar by a deep elf fighter (11 damage)
             ... with a magic dart
             ... in a bailey.
             The game lasted 00:19:38 (2662 turns).

4tharraofdagon the Conjurer (GrFE)                  Turns: 2662, Time: 00:19:39

HP  -4/50        AC 13     Str 11      XL: 10   Next: 78%
MP   6/23        EV 12     Int 20      God: Sif Muna [****..]
Gold 145         SH  0     Dex 10      Spells:  4 memorised,  9 levels left

Res.Fire  : + . .   See Invis. : .   E - +1,+3 trident (pierce)
Res.Cold  : + . .   Warding    : .   A - +1 robe {rC+}
Life Prot.: + . .   Conserve   : .   (no shield)
Res.Poison: +       Res.Corr.  : .   (no helmet)
Res.Elec. : +       Clarity    : .   (no cloak)
Sust.Abil.: . .     Spirit.Shd : .   (no gloves)
Res.Mut.  : .       Stasis     : .   (no boots)
Res.Rott. : +       Flight     : .   (no amulet)
Saprovore : . . .                    (no ring)
                                     x - ring of protection from fire {unknown}

@: somewhat resistant to hostile enchantments, fairly stealthy
A: fangs 1, talons 2, life protection 1, electricity resistance, slow metabolism
1, unbreathing, petrification resistance, AC +10
a: Channel Energy, Forget Spell, Renounce Religion


You were in a bailey.
You worshipped Sif Muna.
Sif Muna was extremely pleased with you.
You were hungry.

You visited 2 branches of the dungeon, and saw 10 of its levels.
You also visited: Bailey.

You collected 125 gold pieces.

Inventory:

Hand weapons
 l - a +1,+2 whip of flaming
 v - a +2,+0 elven whip of electrocution
 E - a +1,+3 trident of piercing (weapon)
Armour
 A - a +1 robe of cold resistance (worn)
Magical devices
 k - a wand of confusion (10)
 m - a wand of confusion (14)
 t - a wand of confusion (2)
 C - a wand of teleportation (2) {unknown}
 L - a wand of heal wounds (3) {unknown}
Comestibles
 c - 2 bread rations
 H - 9 chunks of yak flesh
 J - an apple
 M - a chunk of giant gecko flesh
Scrolls
 a - a scroll of noise {unknown}
 d - 2 scrolls of curse weapon
 e - a scroll of fog {unknown}
 h - a scroll of fear {unknown}
 i - a scroll of magic mapping {unknown}
 j - 4 scrolls of remove curse
 n - 2 scrolls of amnesia {unknown}
 q - a scroll of enchant weapon II
 r - a scroll of recharging {unknown}
 u - 2 scrolls of teleportation {unknown}
 w - a scroll of random uselessness {unknown}
 y - a scroll of summoning {unknown}
 D - a scroll of identify {unknown}
 I - a scroll of blinking {unknown}
Jewellery
 x - a ring of protection from fire (left hand) {unknown}
 N - an uncursed ring of teleportation
Potions
 f - a potion of brilliance
 g - 2 potions of curing
 o - 2 potions of might {unknown}
 p - a potion of invisibility {unknown}
 s - 2 potions of magic {unknown}
 z - a potion of heal wounds {unknown}
 B - a potion of agility {unknown}
 F - a potion of speed {unknown}
 G - a potion of resistance {unknown}
Books
 b - a book of Flames

   Spells                             Type                      Level
   *Flame Tongue                      Conjuration/Fire             1
   Throw Flame                        Conjuration/Fire             2
   *Conjure Flame                     Conjuration/Fire             3
   Inner Flame                        Hexes/Fire                   3
   *Sticky Flame                      Conjuration/Fire             4
   *Fireball                          Conjuration/Fire             5


   Skills:
 - Level 1.5 Dodging
 - Level 2.1 Stealth
 + Level 6.6 Spellcasting
 + Level 9.5 Conjurations
 + Level 9.5 Fire Magic
 * Level 7.2 Invocations


You had 9 spell levels left.
You knew the following spells:

 Your Spells              Type           Power        Failure   Level  Hunger
a - Flame Tongue          Conj/Fire      #####        1%          1    None
b - Conjure Flame         Conj/Fire      #####...     1%          3    ##.....
c - Sticky Flame          Conj/Fire      #####...     1%          4    ###....
d - Fireball              Conj/Fire      #####.....   8%          5    #####..


Dungeon Overview and Level Annotations

Branches:
Dungeon (9/27)             Temple (1/1) D:6             Orc (0/4) D:7
   Lair: D:8-13

Altars:
Ashenzari
Cheibriados
Elyvilon
Fedhas
Kikubaaqudgha
Makhleb
Nemelex Xobeh
Okawaru
Sif Muna
Trog
Vehumet
Xom
Yredelemnul
Zin
the Shining One

Shops:
D:8: (


Innate Abilities, Weirdness & Mutations

You are resistant to torment.
You are immune to poison.
Your stone body is very resilient (AC +10).
You have very sharp teeth.
You have razor-sharp toenails.
You resist negative energy.
You are resistant to electric shocks.
You have a slow metabolism.
You can survive without breathing.
You are immune to petrification.


Message History

The deep elf fighter drops an uncursed elven short sword.
The deep elf fighter picks up an elven scimitar.
The deep elf fighter wields an elven scimitar.
Casting: Flame Tongue
Confirm with . or Enter, or press ? or * to list all spells.
Aiming: Fireball
Press: ? - help, Shift-Dir - straight line, f - deep elf fighter, p - deep elf fighter
Aim: a deep elf fighter, wielding an elven scimitar (heavily wounded)
The fireball explodes!
The fireball engulfs the deep elf fighter.
You kill the deep elf fighter!
You are feeling hungry.
Unknown command.
Use which ability? (? or * to list)
You channel some magical energy.
You feel somewhat more hungry.
The deep elf fighter hits you with an elven short sword!
* * * LOW HITPOINT WARNING * * *
The deep elf fighter points at you and mumbles some strange words.
The magic dart hits you!
You die...

#..∩..##..##
..
#.....#....#
..
##...##....#
.######'##..##
##...###..)###
#.....#.....#
#.....#..∩..#
#..e..#.....#
#.@.§#....##
#####e#####
#....#.e..#
#..... .....#
#..... .e...#
#..... .....#
##...# #...##
e### ###.


You could see 2 deep elf fighters.

Vanquished Creatures
  Erolcha (D:9)
  Pikel (D:4)
  The ghost of tesudzi the Covert, an experienced SpAs (D:6)
  A deep elf priest (Bailey)
  Grinder (D:5)
  A troll (D:9)
  6 yaks (D:9)
  A deep elf mage (Bailey)
  3 human zombies (D:7)
  2 deep elf fighters (Bailey)
  2 necrophages (D:7)
  3 orc warriors (D:7)
  A black bear (D:7)
  2 ice beasts (D:6)
  2 ogres (D:7)
  A crocodile (D:8)
  3 centaurs (D:6)
  A giant frog (D:6)
  A warg (D:7)
  3 wights (D:7)
  An electric eel (D:8)
  An oklob sapling (D:6)
  A crimson imp (D:7)
  3 hounds
  An orc priest (D:7)
  4 worker ants
  5 orc wizards
  A human skeleton (D:7)
  2 jellies
  A mummy (D:7)
  4 gnolls (D:6)
  6 adders
  A worm zombie (D:7)
  A worm (D:6)
  An adder zombie (D:6)
  4 giant geckos
  2 oozes
  16 orcs
  2 ball pythons (D:4)
  9 bats
  6 goblins
  9 hobgoblins
  3 jackals (D:7)
  A ball python skeleton (D:4)
  2 giant newts
  A goblin skeleton (D:4)
  A hobgoblin skeleton (D:5)
  2 kobolds
  A kobold zombie (D:5)
  2 orc zombies (D:7)
  A quokka skeleton (D:5)
  4 rats
  A rat skeleton (D:4)
  A plant (D:6)
138 creatures vanquished.

Vanquished Creatures (others)
  A giant cockroach (D:4)
  A hobgoblin (D:4)
  A kobold (D:8)
3 creatures vanquished.

Grand Total: 141 creatures vanquished

Notes
Turn   | Place    | Note
--------------------------------------------------------------
     0 | D:1      | 4tharraofdagon, the Gargoyle Fire Elementalist, began the quest for the Orb.
     0 | D:1      | Reached XP level 1. HP: 10/10 MP: 3/3
   140 | D:2      | Reached XP level 2. HP: 13/15 MP: 1/4
   275 | D:4      | Reached XP level 3. HP: 19/19 MP: 1/6
   286 | D:4      | Learned a level 3 spell: Conjure Flame
   311 | D:4      | Noticed an ogre
   319 | D:5      | Entered Level 5 of the Dungeon
   328 | D:4      | Noticed a slave
   329 | D:4      | Noticed a slave
   329 | D:4      | Noticed a slave
   330 | D:4      | Noticed Pikel
   341 | D:4      | Noticed a slave
   348 | D:4      | Killed Pikel
   348 | D:4      | Reached skill level 4 in Conjurations
   348 | D:4      | Reached skill level 5 in Fire Magic
   348 | D:4      | Reached XP level 4. HP: 15/24 MP: 1/9
   348 | D:4      | Reached XP level 5. HP: 17/28 MP: 1/10
   348 | D:4      | Reached XP level 6. HP: 19/32 MP: 1/12
   348 | D:4      | Reached XP level 7. HP: 21/36 MP: 1/14
   369 | D:4      | Learned a level 4 spell: Sticky Flame
   510 | D:4      | Reached skill level 5 in Conjurations
   660 | D:6      | Reached skill level 6 in Fire Magic
   802 | D:6      | Found a staircase to the Ecumenical Temple.
   838 | D:6      | Reached XP level 8. HP: 41/41 MP: 6/17
   842 | Temple   | Entered the Ecumenical Temple
   876 | Temple   | Became a worshipper of Sif Muna the Loreminder
  1138 | D:6      | Reached skill level 7 in Fire Magic
  1170 | D:6      | Acquired Sif Muna's first power
  1251 | D:5      | Noticed Grinder
  1267 | D:5      | Killed Grinder
  1362 | D:6      | Noticed tesudzi's ghost (experienced SpAs)
  1367 | D:6      | Killed tesudzi's ghost
  1367 | D:6      | Acquired Sif Muna's second power
  1367 | D:6      | Reached skill level 8 in Fire Magic
  1367 | D:6      | Reached XP level 9. HP: 42/45 MP: 14/20
  1377 | D:6      | Learned a level 5 spell: Fireball
  1514 | D:7      | Reached skill level 1 in Invocations
  1590 | D:7      | Reached skill level 5 in Spellcasting
  1594 | D:7      | Found an ancient bone altar of Kikubaaqudgha.
  1982 | D:7      | Found a staircase to the Orcish Mines.
  2053 | D:7      | Reached XP level 10. HP: 34/50 MP: 18/22
  2152 | D:8      | Found Treruyd's Weapon Boutique.
  2164 | D:8      | Reached skill level 9 in Fire Magic
  2185 | D:8      | Reached skill level 5 in Invocations
  2579 | D:9      | Noticed Erolcha
  2587 | D:9      | Killed Erolcha
  2587 | D:9      | Acquired Sif Muna's third power
  2610 | D:9      | Found a flagged portal.
  2617 | Bailey   | Entered a bailey
  2662 | Bailey   | Killed from afar by a deep elf fighter

Action                   |  1- 3 |  4- 6 |  7- 9 | 10-12 || total
-------------------------+-------+-------+-------+-------++-------
Melee: Unarmed           |    23 |       |       |       ||    23
       Whip              |       |       |   202 |     1 ||   203
       Trident           |       |       |       |    23 ||    23
 Cast: Flame Tongue      |    16 |       |    55 |    37 ||   108
       Conjure Flame     |     2 |       |    11 |     8 ||    21
       Sticky Flame      |       |       |    28 |    10 ||    38
       Fireball          |       |       |       |     4 ||     4
Invok: Channel Energy    |       |       |    11 |    18 ||    29
Evoke: Wand              |       |       |     8 |       ||     8
  Use: Potion            |     2 |       |       |       ||     2
       Scroll            |       |       |       |     3 ||     3
 Stab: Confused          |       |       |     1 |       ||     1
